AoeStats
← Long John Silver

Arena

506711680Analyzed
4v4 RM · 18d ago on Sep 14, 2026· 37m 18s· 8 players
Game mode
Random Map
Map size
Large (8 player)
Population
200
Speed
Normal
Resources
Standard
Victory
Conquest
Starting age
Dark Age
Ending age
Imperial Age
RankedLock teamsTeams togetherTeam positionsShared explorationLock speedFull tech treeHidden civsTurbo modeCheats
Victory
Defeat
🇹🇷 Persians · Türkiye
1526
+14
🇦🇷 Japanese · Argentina
1520
+14
🇧🇷 Britons · Brazil
1454
+17
🇩🇪 Spanish · Germany
1446
+17
🇩🇪 Tatars · Germany
1488
-16
🇭🇰 Sicilians · Hong Kong SAR China
1485
-16
🇪🇸 Hindustanis · Spain
1475
-15
🇳🇱 Bengalis · Netherlands
1452
-15
LagiPup
11:35 Feudal Age
13:00 Double-Bit Axe
15:16 Castle Age
13:20 Horse Collar
16:41 Wheelbarrow
18:53 Loom
26:14 Fletching
27:36 Bow Saw
32:08 Imperial Age
30:56 First Crusade
30:50 Scale Mail Armor
30:49 Stone Mining
31:29 Forging
32:35 Bodkin Arrow
33:12 Ballistics
33:53 Chemistry
33:01 Elite Serjeant
34:38 Chain Mail Armor
34:29 Bracer
Puskas
10:49 Feudal Age
14:30 Castle Age
13:28 Double-Bit Axe
13:50 Horse Collar
15:49 Bow Saw
20:11 Wheelbarrow
19:21 Loom
21:43 Gold Mining
26:25 Imperial Age
24:07 Stone Mining
25:10 Gold Shaft Mining
25:22 Stone Shaft Mining
25:36 Forging
25:31 Scale Barding Armor
25:58 Hand Cart
25:28 Town Watch
27:38 Iron Casting
27:23 Chain Barding Armor
28:37 Conscription
27:47 Heavy Camel Rider
28:39 Bloodlines
28:29 Husbandry
30:15 Blast Furnace
31:20 Plate Barding Armor
31:40 Imperial Camel Rider
34:01 Fletching
M*rpheu$
10:47 Feudal Age
15:30 Castle Age
13:32 Horse Collar
13:39 Double-Bit Axe
18:04 Elite Skirmisher
30:13 Imperial Age
28:17 Bow Saw
28:26 Padded Archer Armor
28:58 Heavy Plow
30:18 Fletching
30:46 Leather Archer Armor
VesperalCamp546
10:02 Feudal Age
14:05 Castle Age
12:02 Double-Bit Axe
12:47 Horse Collar
15:23 Bow Saw
19:32 Wheelbarrow
18:45 Loom
21:48 Heavy Plow
25:42 Sanctity
26:44 Gold Mining
34:11 Imperial Age
DerAdler
10:27 Feudal Age
14:09 Castle Age
12:21 Double-Bit Axe
12:59 Horse Collar
20:20 Wheelbarrow
19:33 Loom
21:00 Bow Saw
23:23 Gold Mining
25:40 Gold Shaft Mining
25:26 Town Watch
28:41 Imperial Age
26:52 Scale Barding Armor
26:49 Stone Mining
27:57 Chain Barding Armor
27:48 Forging
27:49 Husbandry
28:35 Hand Cart
28:31 Bloodlines
28:19 Heavy Camel Rider
31:27 Plate Barding Armor
31:41 Iron Casting
31:06 Scale Mail Armor
31:10 Town Patrol
33:08 Two-Man Saw
32:18 Pikeman
32:58 Squires
33:17 Chain Mail Armor
32:55 Halberdier
34:46 Chemistry
35:48 Blast Furnace
35:30 Plate Mail Armor
Hakka1_90
10:27 Feudal Age
9:43 Loom
14:47 Castle Age
13:03 Double-Bit Axe
13:29 Horse Collar
17:49 Fletching
29:39 Wheelbarrow
29:32 Bow Saw
31:19 Fortified Wall
32:41 Bodkin Arrow
32:47 Padded Archer Armor
33:50 Ballistics
37:00 Imperial Age
(GDL)Ultthor
10:28 Feudal Age
14:33 Castle Age
12:49 Double-Bit Axe
15:43 Bow Saw
15:14 Horse Collar
19:59 Wheelbarrow
23:21 Hand Cart
23:45 Stone Mining
28:21 Imperial Age
26:06 Loom
26:07 Town Watch
27:12 Heavy Plow
28:04 Pikeman
28:46 Scale Mail Armor
28:57 Forging
28:31 Capped Ram
29:14 Squires
29:02 Halberdier
29:59 Chain Mail Armor
30:43 Ballistics
30:15 Fletching
30:54 Guard Tower
32:08 Plate Mail Armor
32:14 Iron Casting
31:12 Man-at-Arms
32:03 Treadmill Crane
32:59 Keep
32:20 Bodkin Arrow
32:28 Bodkin Arrow
33:29 Devotion
34:12 Iron Casting
33:38 Bracer
34:42 Chemistry
33:56 Arson
36:39 Gold Mining
37:01 Arrowslits
Long John Silver
0:28 Loom
10:40 Feudal Age
10:46 Loom
14:40 Castle Age
12:29 Double-Bit Axe
12:54 Loom
13:04 Horse Collar
14:46 Horse Collar
16:10 Bow Saw
16:07 Fletching
28:04 Imperial Age
27:27 Wheelbarrow
26:38 Town Watch
26:55 Heavy Plow
30:22 Conscription
30:09 Scale Barding Armor
31:12 Chain Barding Armor
31:35 Bloodlines
31:25 Husbandry
30:46 Light Cavalry
31:55 Forging
32:33 Plate Barding Armor
34:03 Hussar
35:40 Elite Conquistador
36:53 Padded Archer Armor
Connection lost

Rejoining the realm…

Still unreachable

The connection could not be restored.

Session expired

The server has moved on; the page needs a fresh start.